 Dungeon Crawl Stone Soup version 0.29.1-1-gd02db6906a (webtiles) character file.

Game seed: 6603770085879133171

45 MisterFreud the Twirler (level 3, -1/27 HPs)
             Began as a Formicid Gladiator on Oct 5, 2022.
             Frozen to death by an endoplasm (2 damage)
             ... on level 2 of the Dungeon.
             The game lasted 00:01:11 (1283 turns).

MisterFreud the Twirler (Formicid Gladiator)        Turns: 1283, Time: 00:01:11

Health: -1/27      AC:  4    Str: 20    XL:     3   Next: 90%
Magic:  3/3        EV: 12    Int:  7    God:
Gold:   86         SH:  0    Dex: 15    Spells: 2/2 levels left

rFire   . . .      SeeInvis +   a - +0 quarterstaff
rCold   . . .      Faith    .   (no shield)
rNeg    . . .      Spirit   .   b - +0 leather armour
rPois   .          Reflect  .   (helmet unavailable)
rElec   .          Harm     .   (no cloak)
rCorr   .          Rampage  .   l - +0 pair of gloves
Will    .....                   (no boots)
Stlth   +.........              (no amulet)
HPRegen 0.09/turn               (no ring)
MPRegen 0.08/turn               (no ring)

@: no status effects
A: permanent stasis, dig shafts and tunnels, antennae 3, four strong arms
a: Dig, Shaft Self


You were on level 2 of the Dungeon.
You visited 1 branch of the dungeon, and saw 2 of its levels.

You collected 86 gold pieces.

Inventory:

Hand Weapons
 a - a +0 quarterstaff (weapon)
Missiles
 c - 3 throwing nets (quivered)
 d - 8 javelins
Armour
 b - a +0 leather armour (worn)
 l - a +0 pair of gloves (worn)
Jewellery
 h - an amulet of magic regeneration
Scrolls
 f - 4 scrolls of identify {unknown}
 i - a scroll of silence {unknown}
 k - 2 scrolls of teleportation {unknown}
 m - a scroll of poison {unknown}
Potions
 e - 2 potions of curing {unknown}
 g - 2 potions of flight {unknown}
 j - a potion of mutation {unknown}


   Skills:
 - Level 2.1 Fighting
 + Level 4.5 Staves
 - Level 2.0 Throwing
 - Level 2.6 Dodging


You had 2 spell levels left.
You didn't know any spells.
Your spell library contained the following spells:

 Spells                   Type           Power      Damage    Failure   Level
 Passage of Golubria      Tloc           0%         N/A       99%         4
 Silence                  Hex/Air        0%         N/A       100%        5
 Lehudib's Crystal Spear  Conj/Erth      0%         10d2      100%        8


Dungeon Overview and Level Annotations

Branches:
Dungeon (2/15)

Altars:


Innate Abilities, Weirdness & Mutations

You cannot be hasted, slowed, berserked, paralysed or teleported.
You can dig through walls and to a lower floor.
You have a pair of large antennae on your head. (SInv)
Your four strong arms can wield two-handed weapons with a shield.


Message History

The endoplasm hits you. The hobgoblin completely misses you.
Unknown command.
You thump the giant cockroach!
You kill the giant cockroach!
The bat closely misses you. x2; The endoplasm hits you.
The hobgoblin closely misses you.
You are too injured to fight recklessly!
You are too injured to fight recklessly!
You barely miss the bat. The bat hits you but does no damage.
The giant cockroach closely misses you.
The hobgoblin hits you but does no damage.
The endoplasm freezes you.
You are frozen.
* * * LOW HITPOINT WARNING * * *
You sock the endoplasm!
You kill the endoplasm!
The bat closely misses you. The giant cockroach misses you.
The hobgoblin closely misses you. The giant cockroach misses you.
Unknown command.
Unknown command.
You closely miss the hobgoblin. The bat hits you.
* * * LOW HITPOINT WARNING * * *
The hobgoblin barely misses you.
The giant cockroach bites you but does no damage.
Unknown command.
You thump the hobgoblin!
You kill the hobgoblin!
The bat hits you.
* * * LOW HITPOINT WARNING * * *
The giant cockroach barely misses you. The endoplasm barely misses you.
You hit the endoplasm but do no damage. The bat barely misses you.
The giant cockroach bites you but does no damage.
The endoplasm freezes you.
You are frozen.
* * * LOW HITPOINT WARNING * * *
You barely miss the endoplasm. The bat hits you but does no damage.
The giant cockroach barely misses you. The endoplasm freezes you.
You are frozen.
You die...

..............
.............
............
...........
..........
......b..######
......B)J......
#@..#####
###........
#..........
#(..###....
.#####.....#
##.
...........#
...........#
...##..†...# .#
##.#..##### .#


You could see an endoplasm, a giant cockroach and a bat.

Vanquished Creatures
  A worm (D:2)
  A dart slug (D:2)
  4 ball pythons (D:2)
  3 endoplasms
  2 giant cockroaches
  5 goblins
  9 hobgoblins
  A quokka (D:2)
  4 frilled lizards (D:1)
  3 kobolds
  3 rats
36 creatures vanquished.

Notes
Turn   | Place    | Note
-------+----------+-------------------------------------------
     0 | D:1      | MisterFreud the Formicid Gladiator began the quest for the
                  | Orb.
     0 | D:1      | Reached XP level 1. HP: 16/16 MP: 1/1
   313 | D:1      | Reached XP level 2. HP: 22/22 MP: 2/2
   557 | D:1      | Reached skill level 4 in Staves
   557 | D:1      | Reached XP level 3. HP: 27/27 MP: 3/3
   735 | D:1      | Found a faded altar of an unknown god.
  1282 | D:2      | HP: 1/27 [frozen (5)]
  1283 | D:2      | Frozen to death by an endoplasm

Illustrated notes

Levels and vault maps discovered:
D:1:      dpeg_arrival_brainrot, layout_basic, hellmonk_ecumenical_altar_run_dry
D:2:      layout_rooms, uniq_crazy_yiuf_cottage

Skill      XL: |  1  2 |
---------------+-------+-----
Staves         | 4 |  4.5
Fighting       | |  2.1
Throwing       | |  2.0
Dodging        | |  2.6

Action                   || total
-------------------------++-------
Melee: Quarterstaff      ||    81
 Stab: Sleeping          ||     2
Armor: Leather armour    ||    28
Dodge: Dodged            ||    68
